 Dungeon Crawl Stone Soup version 0.20.1-1-g8b1a95d (webtiles) character file.

1491 Mesmaeker13 the Conjurer (level 8, -4/46 HPs)
             Began as an Octopode Conjurer on Aug 9, 2017.
             Was a Follower of Sif Muna.
             Killed by divine providence
             ... invoked by an orc priest
              (15 damage)
             ... on level 7 of the Dungeon.
             The game lasted 00:19:38 (8770 turns).

Mesmaeker13 the Conjurer (Octopode Conjurer)        Turns: 8770, Time: 00:19:39

Health: -4/46      AC:  1    Str:  8    XL:     8   Next: 80%
Magic:  11/15      EV: 16    Int: 19    God:    Sif Muna [*.....]
Gold:   294        SH:  0    Dex: 12    Spells: 3/17 levels left

rFire    . . .     SeeInvis .   G - +3 dagger
rCold    . . .     Gourm    .   (no shield)
rNeg     . . .     Faith    .   (helmet restricted)
rPois    .         Spirit   .   (no amulet)
rElec    .         Reflect  .   (no ring)
rCorr    .         Harm     .   (no ring)
MR       .....                  (no ring)
Stlth    +++.......             (no ring)
Regen    0.2/turn               (no ring)
MPRegen  0.2/turn               (no ring)
                                (no ring)
                                (no ring)

@: no status effects
A: almost no armour, stealthy swim, amphibious, 8 rings, constrict 8, camouflage
1, gelatinous body 1
a: Divine Energy, Renounce Religion


You were on level 7 of the Dungeon.
You worshipped Sif Muna.
Sif Muna was aware of your devotion.
You were hungry.

You visited 2 branches of the dungeon, and saw 8 of its levels.

You collected 294 gold pieces.

Inventory:

Hand Weapons
 i - a +1 short sword of venom
 C - a +2 short sword of holy wrath
 G - a +3 dagger (weapon)
 J - a cursed -3 scimitar
Missiles
 k - 5 tomahawks (quivered)
 l - 105 stones
Armour
 n - a +0 shield
Wands
 x - a wand of flame (17/48)
 y - a wand of acid (0/15)
 A - a wand of polymorph (14/24)
 K - a wand of iceblast (7/15)
Scrolls
 d - a scroll of fear
 e - a scroll of teleportation
 g - 7 scrolls of remove curse
 h - a scroll of enchant weapon
 j - a scroll of immolation {unknown}
 r - a scroll of amnesia {unknown}
 s - a scroll of random uselessness {unknown}
 u - a scroll of fog {unknown}
 v - a scroll of recharging {unknown}
Potions
 f - 3 potions of curing
 m - a potion of mutation {unknown}
 o - a potion of haste {unknown}
 p - a potion of might {unknown}
 t - a potion of resistance {unknown}
 w - a potion of flight {unknown}
 z - 3 potions of brilliance {unknown}
 B - 2 potions of lignification {unknown}
 H - a potion of cancellation {unknown}
 L - a potion of degeneration {unknown}
Books
 a - a book of Conjurations

   Spells                             Type                      Level
   a - Magic Dart                     Conjuration                  1
   b - Searing Ray                    Conjuration                  2
   c - Dazzling Spray                 Conjuration/Hexes            3
   d - Fulminant Prism                Conjuration/Hexes            4
   e - Force Lance                    Conjuration/Translocation    4
   f - Iskenderun's Mystic Blast      Conjuration                  4
 E - a book of Flames

   Spells                             Type                      Level
   a - Flame Tongue                   Conjuration/Fire             1
   b - Throw Flame                    Conjuration/Fire             2
   c - Conjure Flame                  Conjuration/Fire             3
   d - Inner Flame                    Hexes/Fire                   3
   e - Sticky Flame                   Conjuration/Fire             4
   f - Fireball                       Conjuration/Fire             5
 F - a book of Minor Magic

   Spells                             Type                      Level
   a - Magic Dart                     Conjuration                  1
   b - Blink                          Translocation                2
   c - Call Imp                       Summoning                    2
   d - Slow                           Hexes                        2
   e - Conjure Flame                  Conjuration/Fire             3
   f - Mephitic Cloud                 Conjuration/Poison/Air       3
Comestibles
 b - 7 bread rations
 c - 2 royal jellies
 q - 3 meat rations
 D - 2 chunks of flesh
 I - 2 fruits


   Skills:
 + Level 5.7 Dodging
 - Level 2.6 Stealth
 - Level 5.0 Spellcasting
 + Level 7.0 Conjurations
 + Level 4.7 Hexes


You had 3 spell levels left.
You knew the following spells:

 Your Spells              Type           Power        Failure   Level  Hunger
a - Magic Dart            Conj           ####         1%          1    None
b - Searing Ray           Conj           ####..       1%          2    #......
c - Dazzling Spray        Conj/Hex       ####..       3%          3    ##.....
d - Iskenderun's Mystic   Conj           ####....     7%          4    ####...
e - Fulminant Prism       Conj/Hex       ####......   11%         4    ####...


Dungeon Overview and Level Annotations

Branches:
Dungeon (7/15)             Temple (1/1) D:4

Altars:
Cheibriados
Dithmenos
Elyvilon
Fedhas
Gozag
Hepliaklqana
Kikubaaqudgha
Makhleb
Nemelex Xobeh
Okawaru
Qazlal
Ru
Sif Muna
Trog
Uskayaw
Vehumet
Xom
Yredelemnul
Zin
The Shining One

Shops:
D:6 (


Innate Abilities, Weirdness & Mutations

You cannot wear most types of armour.
You are very stealthy in the water. (Stealth+)
You are amphibious.
You can wear up to eight rings at the same time.
You can use your tentacles to constrict eight enemies at once.
Your skin changes colour to match your surroundings (Stealth+).
Your rubbery body absorbs attacks. (AC +1, EV +1)


Message History

Aiming: Dazzling Spray
Press: ? - help, Shift-Dir - straight line, f/p - orc warrior
Aim: an orc warrior, wielding a war axe and wearing a plate armour (heavily wounded)
The spray of energy hits the orc warrior.
The orc warrior is heavily wounded.
The orc warrior hits you with a war axe!!
Ouch! That really hurt!
* * * LOW HITPOINT WARNING * * *
An orc wizard comes into view. It is wielding a dagger.
You see here a shortbow.
The orc wizard mumbles some strange words.
The orc wizard blinks!
The orc priest calls upon Beogh to heal the orc warrior.
The orc warrior is healed somewhat.
You hear a zap.
Something tries to affect you, but you resist.
You see here a black bear skeleton.
The orc priest calls down the wrath of Beogh upon you.
Beogh smites you!
You die...

###### #....#
#....# #....#
###....#
##......#
#####.<#@...#
###.....##....#
###...######....#
#.<.### ##o###
#.### #.# #. #{#
.. #.# ..#
######o#
.#########...#..#


You could see an orc warrior and an orc priest.

Vanquished Creatures
  Sigmund (D:2)
  A black bear (D:7)
  A sky beast (D:5)
  A centaur (D:4)
  2 bullfrogs (D:6)
  Blork the orc (D:5)
  2 scorpions
  A howler monkey (D:6)
  A centaur zombie (D:5)
  4 orc priests
  A bullfrog skeleton (D:7)
  6 orc wizards
  An iguana (D:6)
  3 worker ants
  Robin (D:2)
  12 adders
  A howler monkey skeleton (D:6)
  2 shadow imps (D:5)
  An adder skeleton (D:4)
  2 worms (D:2)
  5 dart slugs
  5 leopard geckos
  18 orcs
  A ball python (D:2)
  2 giant cockroaches
  17 goblins
  11 hobgoblins
  13 jackals
  7 quokkas
  8 bats
  6 frilled lizards
  6 kobolds
  A quokka skeleton (D:5)
  8 rats
153 creatures vanquished.

Vanquished Creatures (others)
  A fulminant prism (D:6)
1 creature vanquished.

Grand Total: 154 creatures vanquished

Notes
Turn   | Place    | Note
-------+----------+-------------------------------------------
     0 | D:1      | Mesmaeker13 the Octopode Conjurer began the quest for the Orb.
     0 | D:1      | Reached XP level 1. HP: 11/11 MP: 3/3
   356 | D:1      | Reached XP level 2. HP: 14/17 MP: 3/5
  1052 | D:1      | Learned a level 2 spell: Searing Ray
  1179 | D:2      | Found an opulent altar of Gozag.
  1230 | D:2      | Reached XP level 3. HP: 21/21 MP: 2/6
  1584 | D:2      | Noticed Sigmund
  1827 | D:2      | Noticed Robin
  1847 | D:2      | Killed Robin
  1847 | D:2      | Reached XP level 4. HP: 23/27 MP: 3/8
  2017 | D:3      | Learned a level 3 spell: Dazzling Spray
  2027 | D:3      | Found a snail-covered altar of Cheibriados.
  2504 | D:3      | Reached skill level 1 in Hexes
  2581 | D:3      | Reached XP level 5. HP: 31/31 MP: 9/9
  3136 | D:3      | Reached skill level 5 in Conjurations
  3791 | D:4      | Found a stormy altar of Qazlal.
  3835 | D:4      | Reached XP level 6. HP: 36/36 MP: 3/10
  4568 | D:4      | Found a staircase to the Ecumenical Temple.
  4577 | Temple   | Entered the Ecumenical Temple
  4939 | D:4      | Found a deep blue altar of Sif Muna.
  4956 | D:4      | Became a worshipper of Sif Muna the Loreminder
  5186 | D:5      | Entered Level 5 of the Dungeon
  5335 | D:5      | Learned a level 4 spell: Iskenderun's Mystic Blast
  5455 | D:5      | Found a shadowy altar of Dithmenos.
  5608 | D:5      | Found a burning altar of Makhleb.
  5609 | D:5      | Found a glowing silver altar of Zin.
  5609 | D:5      | Noticed an angel
  5610 | D:5      | Noticed an Executioner
  5700 | D:5      | Reached XP level 7. HP: 31/41 MP: 8/12
  6217 | D:5      | Noticed Blork the orc
  6379 | D:2      | Killed Sigmund
  6379 | D:2      | Reached skill level 6 in Conjurations
  6590 | D:2      | Found a faded altar of an unknown god.
  6930 | D:2      | Found a white marble altar of Elyvilon.
  6930 | D:2      | Found a radiant altar of Vehumet.
  7080 | D:5      | Killed Blork the orc
  7233 | D:5      | Reached XP level 8. HP: 46/46 MP: 14/14
  7248 | D:5      | Reached * piety under Sif Muna
  7409 | D:5      | Learned a level 4 spell: Fulminant Prism
  7472 | D:6      | Reached skill level 5 in Dodging
  8027 | D:6      | Found Ijue's Antique Weapon Emporium.
  8137 | D:6      | Found a sacrificial altar of Ru.
  8510 | D:6      | Found a blossoming altar of Fedhas.
  8546 | D:6      | Found a glowing golden altar of the Shining One.
  8614 | D:7      | Reached skill level 5 in Spellcasting
  8614 | D:7      | Reached skill level 7 in Conjurations
  8770 | D:7      | Killed from afar by an orc priest

Skill      XL: |  1  2  3  4  5  6  7  8 |
---------------+-------------------------+-----
Dodging        | 3 4 5 |  5.7
Hexes          | 1 2 3 4 |  4.7
Spellcasting   | 3 4 5 |  5.0
Conjurations   | 5 6 7 |  7.0
Stealth        | |  2.6

Action                   |  1- 3 |  4- 6 |  7- 9 || total
-------------------------+-------+-------+-------++-------
Melee: Unarmed           |    15 |       |       ||    15
       Constrict         |     4 |    16 |    16 ||    36
       Tentacles         |     3 |     7 |     7 ||    17
       Dagger            |     7 |    55 |    67 ||   129
 Cast: Magic Dart        |    37 |    75 |    17 ||   129
       Searing Ray       |     3 |    19 |    29 ||    51
       Iskenderun's Myst |       |       |     1 ||     1
       Dazzling Spray    |       |       |     2 ||     2
       Fulminant Prism   |       |       |     1 ||     1
Evoke: Wand              |       |       |    10 ||    10
  Use: Scroll            |     2 |     3 |     2 ||     7
       Potion            |       |       |     1 ||     1
 Stab: Sleeping          |     4 |     3 |     2 ||     9
  Eat: Chunk             |     3 |     8 |    10 ||    21
       Bread ration      |       |     1 |       ||     1
Armor: Skin              |     2 |     2 |     3 ||     7
Dodge: Dodged            |    13 |    57 |    67 ||   137
